 Dungeon Crawl Stone Soup version 0.21-a0-110-g8e1637b (webtiles) character file.

96 grindst0ne the Conjurer (level 4, 0/26 HPs)
             Began as a Tengu Wizard on July 10, 2017.
             Slain by a worm (9 damage)
             ... on level 2 of the Dungeon.
             The game lasted 00:10:00 (2900 turns).

grindst0ne the Conjurer (Tengu Wizard)              Turns: 2900, Time: 00:10:01

Health: 0/26       AC:  4    Str:  9    XL:     4   Next: 67%
Magic:  8/9        EV: 12    Int: 18    God:
Gold:   65         SH:  0    Dex: 12    Spells: 5/9 levels left

rFire    . . .     SeeInvis .   m - +0 rapier
rCold    . . .     Gourm    .   (no shield)
rNeg     + . .     Faith    .   o - +0 leather armour
rPois    +         Spirit   .   b - +1 hat
rElec    .         Reflect  .   (no cloak)
rCorr    .         Harm     .   (no gloves)
MR       .....                  (boots unavailable)
Stlth    ++........             (no amulet)
HPRegen  0.08/turn              k - ring of positive energy
MPRegen  0.11/turn              l - ring of poison resistance

@: no status effects
A: beak, talons 3
a: no special abilities


You were on level 2 of the Dungeon.
You were not hungry.

You visited 1 branch of the dungeon, and saw 3 of its levels.

You collected 65 gold pieces.

Inventory:

Hand Weapons
 i - a +1 flail of holy wrath
 m - a +0 rapier (weapon)
Armour
 a - a +0 robe
 b - a +1 hat (worn)
 o - a +0 leather armour (worn)
Jewellery
 k - a ring of positive energy (left hand)
 l - a ring of poison resistance (right hand)
Scrolls
 e - a scroll of teleportation {unknown}
 j - a scroll of fog {unknown}
Potions
 g - 2 potions of might
 n - a potion of mutation {unknown}
Books
 c - a book of Minor Magic

   Spells                             Type                      Level
   a - Magic Dart                     Conjuration                  1
   b - Blink                          Translocation                2
   c - Call Imp                       Summoning                    2
   d - Slow                           Hexes                        2
   e - Conjure Flame                  Conjuration/Fire             3
   f - Mephitic Cloud                 Conjuration/Poison/Air       3
 d - a book of Cantrips

   Spells                             Type                      Level
   a - Confusing Touch                Hexes                        1
   b - Animate Skeleton               Necromancy                   1
   c - Summon Small Mammal            Summoning                    1
   d - Apportation                    Translocation                1
Comestibles
 f - a chunk of flesh
 h - a bread ration


   Skills:
 + Level 1.9 Fighting
 - Level 2.1 Dodging
 - Level 2.0 Stealth
 - Level 3.0 Spellcasting
 + Level 3.7 Conjurations
   Level 1.2 Summonings
 + Level 1.2 Necromancy
 + Level 1.6 Translocations


You had 5 spell levels left.
You knew the following spells:

 Your Spells              Type           Power        Failure   Level  Hunger
a - Magic Dart            Conj           ###.         4%          1    None
b - Blink                 Tloc           N/A          19%         2    ##.....
c - Animate Skeleton      Necr           N/A          14%         1    None


Dungeon Overview and Level Annotations

Branches:
Dungeon (3/15)

Altars:


Innate Abilities, Weirdness & Mutations

You have a beak for a mouth.
You have claws for feet.


Message History

Press: ? - help, Shift-Dir - straight line, f - orc
Aim: an orc, wielding a whip (heavily wounded)
The magic dart hits the orc.
The orc is severely wounded.
The orc completely misses you.
You hit the orc but do no damage.
The orc is severely wounded.
The orc hits you but does no damage.
You hit the orc.
The orc is almost dead.
The orc hits you but does no damage.
You closely miss the orc.
The orc is severely wounded.
The orc hits you with a whip. The orc misses you.
You hit the orc.
You kill the orc!
You hit the worm.
The worm is lightly wounded.
The worm bites you!
You die...

.# #.#.##.# ####...#
.#######.#.##.## #..'...#
.#.......#.....# #.##...#
.#)#######..#..#######.####.#
.#.# ##.#..........# #.#
.#.########...#############.#
'#.(........................#####
........####..#######...)........
........'..#.>.w@...'..).........
........##.##########..).........
........##Z# #<# #######'#####
...)....##.# ##'###########.#
........##.###...........##.#
........##...'...........##.#
.......<######...........##.#
........# #...........##.#
........# #...........##.#


You could see a worm.

Vanquished Creatures
  An adder (D:2)
  3 gnolls (D:2)
  A worm (D:2)
  An orc (D:2)
  2 giant cockroaches (D:2)
  11 goblins
  5 hobgoblins (D:1)
  A quokka (D:2)
  8 bats
  4 frilled lizards
  6 kobolds
  8 rats
51 creatures vanquished.

Vanquished Creatures (collateral kills)
  A frilled lizard (D:2)
1 creature vanquished.

Grand Total: 52 creatures vanquished

Notes
Turn   | Place    | Note
-------+----------+-------------------------------------------
     0 | D:1      | grindst0ne the Tengu Wizard began the quest for the Orb.
     0 | D:1      | Reached XP level 1. HP: 10/10 MP: 5/5
   147 | D:1      | Reached skill level 1 in Fighting
   191 | D:1      | Reached XP level 2. HP: 3/16 MP: 7/7
   659 | D:1      | You fall through a shaft!
   849 | D:1      | Learned a level 2 spell: Blink
  1001 | D:1      | Reached XP level 3. HP: 20/20 MP: 8/8
  1201 | D:2      | Reached skill level 1 in Translocations
  1593 | D:2      | Learned a level 1 spell: Animate Skeleton
  1845 | D:2      | Reached XP level 4. HP: 7/25 MP: 6/9
  1863 | D:2      | Reached skill level 1 in Necromancy
  2900 | D:2      | Slain by a worm

Vault maps used:
D:1:      kennysheep_arrival_forest, kennysheep_crisscross
D:3:      first_bread, grunt_ministairs_10

Skill      XL: |  1  2  3  4 |
---------------+-------------+-----
Fighting       | 1 |  1.9
Conjurations   | 2 3 |  3.7
Translocations | 1 |  1.6
Necromancy     | 1 |  1.2
Dodging        | |  2.1
Stealth        | |  2.0
Spellcasting   | |  3.0
Summonings     | |  1.2

Action                   |  1- 3 |  4- 6 || total
-------------------------+-------+-------++-------
Melee: Unarmed           |    28 |       ||    28
       Kick              |    16 |     9 ||    25
       Peck              |    13 |     1 ||    14
       Dagger            |    51 |       ||    51
       Rapier            |    15 |    43 ||    58
 Cast: Magic Dart        |    20 |     6 ||    26
       Blink             |     2 |     1 ||     3
       Animate Skeleton  |       |     2 ||     2
  Use: Scroll            |     3 |       ||     3
       Potion            |     2 |       ||     2
 Stab: Sleeping          |     1 |     2 ||     3
  Eat: Bread ration      |     1 |       ||     1
       Chunk             |       |     2 ||     2
Armor: Robe              |    23 |     6 ||    29
       Skin              |    13 |     3 ||    16
       Leather armour    |       |     2 ||     2
Dodge: Dodged            |    57 |    28 ||    85
